 Dungeon Crawl Stone Soup version 0.31-a0-180-g519b7de00c (webtiles) character file.

Game seed: 11289517710584940712

35 Maxmaps the Vexing (level 3, -5/26 HPs)
             Began as a Demonspawn Hexslinger on June 19, 2023.
             Killed from afar by Sigmund (11 damage)
             ... with a puff of flame
             ... on level 2 of the Dungeon.
             The game lasted 00:00:41 (897 turns).

Maxmaps the Vexing (Demonspawn Hexslinger)           Turns: 897, Time: 00:00:42

Health: -5/26      AC:  6    Str:  8    XL:     3   Next: 16%
Magic:  4/4        EV:  7    Int: 16    God:
Gold:   44         SH:  3    Dex: 15    Spells: 3/4 levels left

rFire   . . .        a - +1 sling
rCold   . . .        h - +0 buckler
rNeg    . . .        i - +0 scale mail
rPois   .            (no helmet)
rElec   .            (no cloak)
rCorr   .            (no gloves)
SInv    .            (no boots)
Will    .....        (no amulet) Stlth
                     (no ring)
HPRegen 0.24/turn    (no ring)
MPRegen 0.09/turn

%: no passive effects
@: no status effects
A: spiny 1
a: no special abilities


You were on level 2 of the Dungeon.
You visited 1 branch of the dungeon, and saw 2 of its levels.

You collected 44 gold pieces.

Inventory:

Hand Weapons
 a - a +1 sling (weapon)
Armour
 c - a +0 robe
 e - a +0 leather armour
 h - a +0 buckler (worn)
 i - a +0 scale mail (worn)
Scrolls
 b - 2 scrolls of poison
 f - a scroll of identify {unknown}
 g - a scroll of blinking {unknown}
Potions
 d - a potion of resistance {unknown}


   Skills:
 - Level 1.0 Fighting
 - Level 2.5 Ranged Weapons
 + Level 1.8 Armour
 - Level 1.7 Dodging
 - Level 1.0 Spellcasting
 - Level 3.0 Hexes


You had 3 spell levels left.
You knew the following spells:

 Your Spells              Type           Power      Damage    Failure   Level
a - Slow                  Hex            40%        N/A       71%         1

Your spell library contained the following spells:

 Spells                   Type           Power      Damage    Failure   Level
 Inner Flame              Hex/Fire       5%         N/A       99%         3
 Portal Projectile        Hex/Tloc       10%        N/A       99%         3
 Cause Fear               Hex            5%         N/A       100%        4


Dungeon Overview and Level Annotations

Branches:
Dungeon (2/15)

Altars:

Annotations:
D:2 Sigmund


Innate Abilities, Weirdness & Mutations

You are partially covered in sharp spines.


Message History

The sling bullet completely misses the adder.
The adder is struck by your spines. The adder bites you but does no damage.
The adder is struck by your spines. The adder bites you but does no damage.
You shoot a sling bullet.
The sling bullet closely misses the adder.
The adder barely misses you. The adder is struck by your spines.
You kill the adder!
You have reached level 3!
Your experience leads to an increase in your attributes!
Increase (S)trength, (I)ntelligence, or (D)exterity?
You feel clever. x2
Sigmund the Dreaded comes into view.
He is wielding a +2 scythe of protection.
Sigmund shouts!
You shoot a sling bullet. The sling bullet barely misses Sigmund.
Sigmund is nearby!
You shoot a sling bullet. The sling bullet barely misses Sigmund.
Sigmund casts a spell.
Sigmund flickers and vanishes!
Deactivating autopickup; reactivate with Ctrl-A.
There is a strange disturbance nearby!
No target in view!
There is a strange disturbance nearby!
No target in view!
No target in view!
Something hits you.
You shoot a sling bullet.
You hear some strange, mumbled words.
A magic dart appears from out of thin air!
The magic dart hits you.
You shoot a sling bullet. Something hits you but does no damage.
Something hits you.
You shoot a sling bullet. Something hits you but does no damage.
You shoot a sling bullet. Something hits you.
You shoot a sling bullet. Something hits you!
* * * LOW HITPOINT WARNING * * *
You shoot a sling bullet.
You hear some strange, mumbled words.
A puff of flame appears from out of thin air!
The puff of flame hits you!
You die...

#.# #.# #.# #.# #.#
.# #.# .#
########.#######.#
......{@.......#.#
##############.#.#
#.#.# ####.#.#
#......# #.##.###
#.##.#
#########.##.#######
..........##.......#


There were no monsters in sight!

Vanquished Creatures
  An adder (D:2)
  A gnoll (D:1)
  A dart slug (D:1)
  3 ball pythons (D:1)
  4 endoplasms (D:1)
  A giant cockroach (D:1)
  2 bats (D:1)
  A frilled lizard (D:1)
  A goblin (D:1)
  A rat (D:1)
16 creatures vanquished.

Notes
Turn   | Place    | Note
-------+----------+-------------------------------------------
     0 | D:1      | Maxmaps the Demonspawn Hexslinger began the quest for the
                  | Orb.
     0 | D:1      | Reached XP level 1. HP: 15/15 MP: 2/2
   395 | D:1      | Gained mutation: You are partially covered in sharp spines.
                  | [demonic ancestry]
   395 | D:1      | Reached XP level 2. HP: 21/21 MP: 3/3
   643 | D:1      | Reached skill level 1 in Armour
   882 | D:2      | Reached XP level 3. HP: 26/26 MP: 4/4
   887 | D:2      | Noticed Sigmund
   897 | D:2      | Killed from afar by Sigmund

Illustrated notes

Levels and vault maps discovered:
D:1:      dpeg_arrival_fog, layout_basic, minmay_distorted
D:2:      layout_loops_ring, basic_altar, fountainhead,
          chequers_serial_rivers_small_b, minmay_rat_hole, uniq_sigmund,
          uniq_crazy_yiuf_cottage

Skill      XL: |  1  2 |
---------------+-------+-----
Ranged Weapons | 2 |  2.5
Armour         | 1 |  1.8
Fighting       | |  1.0
Dodging        | |  1.7
Spellcasting   | |  1.0
Hexes          | |  3.0

Action                     || total
---------------------------++-------
   Fire: Sling             ||    53
 Armour: Scale mail        ||     8
         Leather armour    ||     1
  Dodge: Dodged            ||    11

Table legend: (Time is in decaauts)
 A = Elapsed time spent in this place.
 B = Non-inter-level travel time spent in this place.
 C = Inter-level travel time spent in this place.
 D = Time resting spent in this place.
 E = Time spent auto-exploring this place.
 F = Levels seen in this place.
 G = Mean time per level.
                   A        B        C        D        E       F      G
               +--------+--------+--------+--------+--------+-----+--------+
         Total |    924 |    841 |     83 |      0 |    688 |   2 |  462.0 |
       Dungeon |    924 |    841 |     83 |      0 |    688 |   2 |  462.0 |
               +--------+--------+--------+--------+--------+-----+--------+

Top non-repeatable levels by time:
     D:1: 877 daAuts
     D:2: 47 daAuts
